 Dungeon Crawl Stone Soup version 0.25.0-26-g0c896c7088 (webtiles) character file.

Game seed: 16233607992069895566

586 lepoulpe303 the Vexing (level 7, 0/33 HPs)
             Began as a Spriggan Enchanter on July 3, 2020.
             Slain by Grinder (5 damage)
             ... while paralysed by Grinder
             ... on level 5 of the Dungeon.
             The game lasted 00:16:40 (5106 turns).

lepoulpe303 the Vexing (Spriggan Enchanter)         Turns: 5106, Time: 00:16:41

Health: 0/33       AC:  2    Str:  4    XL:     7   Next: 15%
Magic:  10/17      EV:  4    Int: 19    God:
Gold:   320        SH:  0    Dex: 16    Spells: 6/18 levels left

rFire    . . .     SeeInvis +   a - +1 dagger
rCold    . . .     Gourm    .   (shield restricted)
rNeg     . . .     Faith    .   r - +0 robe (curse)
rPois    .         Spirit   .   (helmet restricted)
rElec    .         Reflect  .   (no cloak)
rCorr    .         Harm     .   (gloves unavailable)
MR       +....                  (boots unavailable)
Stlth    +++.......             (no amulet)
HPRegen  0.11/turn              (no ring)
MPRegen  0.15/turn              (no ring)

@: paralysed, confusing touch, very quick
A: very small, unfitting armour, see invisible, herbivore, speed 3, slow
metabolism 2
a: no special abilities


You were on level 5 of the Dungeon.
You were not hungry.

You visited 1 branch of the dungeon, and saw 5 of its levels.

You collected 320 gold pieces.

Inventory:

Hand Weapons
 a - a +1 dagger (weapon)
Armour
 r - a cursed +0 robe (worn)
Wands
 o - a wand of flame (13)
Scrolls
 c - 2 scrolls of blinking {unknown}
 i - 3 scrolls of identify
 j - a scroll of amnesia {unknown}
 l - 2 scrolls of noise {unknown}
 m - a scroll of magic mapping {unknown}
 n - 2 scrolls of immolation {unknown}
 t - 2 scrolls of teleportation
 w - 2 scrolls of remove curse
Potions
 b - a potion of heal wounds {unknown}
 d - 2 potions of might
 f - a potion of degeneration {unknown}
 g - a potion of ambrosia
 h - a potion of brilliance {unknown}
 p - a potion of stabbing
 q - 2 potions of curing
Comestibles
 e - 11 rations


   Skills:
 + Level 1.0 Fighting
 + Level 1.9 Short Blades
 + Level 3.7 Dodging
 + Level 5.0 Stealth
 * Level 6.4 Spellcasting
 * Level 6.9 Hexes


You had 6 spell levels left.
You knew the following spells:

 Your Spells              Type           Power        Failure   Level  Hunger
a - Ensorcelled Hibernat  Hex/Ice        ###...       3%          2    None
b - Tukima's Dance        Hex            ####....     1%          3    ##.....
c - Confusing Touch       Hex            ####....     1%          3    ##.....
d - Dazzling Flash        Conj/Hex       ###...       8%          3    ##.....
v - Corona                Hex            ####...      1%          1    None

Your spell library contained the following spells:

 Spells                   Type           Power        Failure   Level  Hunger
 Animate Skeleton         Necr           N/A          11%         1    None
 Apportation              Tloc           #.....       11%         1    None
 Summon Small Mammal      Summ           #...         11%         1    None


Dungeon Overview and Level Annotations

Branches:
Dungeon (5/15)
 Temple: D:4-7

Altars:

Annotations:
D:5 Grinder


Innate Abilities, Weirdness & Mutations

You are very small and have problems with some larger weapons.
You are too small for most types of armour.
You have supernaturally acute eyesight. (SInv)
You are a herbivore.
You cover ground extremely quickly.
You need to consume almost no food.


Message History

Pain shoots through your body!
* * * LOW HITPOINT WARNING * * *
You can move again.
You take 16 damage, and have 17/33 hp.
MASSIVE DAMAGE!!
Your hands begin to glow red.
Grinder gestures at you.
You shrug off the repeated paralysis!
You now have 9/17 mp.
Grinder gestures at you.
You suddenly lose the ability to move!
Grinder gestures at you. You resist with significant effort. Grinder hits you.
* * * LOW HITPOINT WARNING * * *
Grinder rolls her eyes.
Grinder hits you!
* * * LOW HITPOINT WARNING * * *
You writhe in agony.
You die...

######### ........#
#######.###
..........##############
.######.........@5.?....
.# ###.############## ##
#......# ######.#


You could see Grinder.

Levels and vault maps discovered:
D:1:      dpeg_arrival_simpleton_c, layout_basic
D:2:      layout_loops_cross
D:3:      layout_basic, first_ration
D:4:      layout_basic, uniq_menkaure
D:5:      layout_loops_ring, uniq_grinder

Notes
Turn   | Place    | Note
-------+----------+-------------------------------------------
     0 | D:1      | lepoulpe303 the Spriggan Enchanter began the quest for the
                  | Orb.
     0 | D:1      | Reached XP level 1. HP: 9/9 MP: 5/5
   199 | D:1      | Identified a cursed +0 robe (You found it on level 1 of the
                  | Dungeon)
   222 | D:1      | Identified a +0 short sword
   234 | D:1      | Reached skill level 3 in Spellcasting
   306 | D:1      | Reached skill level 4 in Hexes
   306 | D:1      | Reached XP level 2. HP: 12/13 MP: 7/7
   310 | D:1      | Learned a level 2 spell: Ensorcelled Hibernation
   359 | D:1      | Identified a +0 club
   760 | D:1      | Identified a +0 short sword
  1149 | D:1      | You fall into a shaft and drop 1 floor!
  1219 | D:2      | HP: 3/13 [worm (10)]
  1522 | D:2      | Identified a +0 dagger
  1568 | D:2      | Reached XP level 3. HP: 16/16 MP: 9/9
  1573 | D:2      | Learned a level 3 spell: Confusing Touch
  1716 | D:2      | Identified a +0 club
  1717 | D:2      | Identified a +0 club
  1883 | D:2      | Reached skill level 4 in Spellcasting
  1896 | D:2      | HP: 4/16 [poisoned by an adder]
  2249 | D:2      | Identified a +0 whip
  2249 | D:2      | Identified a +0 hunting sling of flaming
  2539 | D:3      | Identified a +0 whip
  2560 | D:3      | Reached skill level 5 in Hexes
  2560 | D:3      | Reached XP level 4. HP: 21/21 MP: 2/11
  2565 | D:3      | Learned a level 3 spell: Tukima's Dance
  2639 | D:3      | Identified a +0 spear
  2641 | D:3      | Identified a +0 club
  2645 | D:3      | Identified a +0 halberd
  2661 | D:3      | Identified a cursed -1 spear
  2669 | D:3      | Identified a +0 whip
  2709 | D:3      | Learned a level 3 spell: Dazzling Flash
  2770 | D:3      | Reached XP level 5. HP: 17/24 MP: 5/13
  2839 | D:3      | Reached skill level 5 in Spellcasting
  2992 | D:3      | Identified a +0 dagger
  3174 | D:3      | Identified 7 scrolls of identify
  3174 | D:3      | Identified 2 potions of curing
  3175 | D:3      | Identified 2 potions of might
  3176 | D:3      | Identified a potion of ambrosia
  3177 | D:3      | Identified a potion of stabbing
  3178 | D:3      | Identified a scroll of teleportation
  3179 | D:3      | Identified 3 scrolls of remove curse
  3190 | D:3      | Identified a cursed +0 robe (You found it on level 3 of the
                  | Dungeon)
  3235 | D:3      | Identified a +0 trident
  3237 | D:3      | Identified a +0 hand axe
  3237 | D:3      | Identified a +0 leather armour
  3237 | D:3      | Identified a +0 morningstar
  3238 | D:3      | Identified a +0 dagger
  3238 | D:3      | Identified a cursed +0 leather armour
  3238 | D:3      | Identified a +0 whip
  3238 | D:3      | Identified a +0 ring mail
  3971 | D:4      | Reached skill level 6 in Hexes
  3974 | D:4      | Identified a +0 flail
  3974 | D:4      | Identified a +0 chain mail
  3974 | D:4      | Identified a +0 mace
  3982 | D:4      | Identified a +0 whip
  3982 | D:4      | Identified a +0 leather armour
  3982 | D:4      | Identified a +0 mace
  3982 | D:4      | Identified a +0 ring mail
  4026 | D:4      | Reached XP level 6. HP: 22/28 MP: 8/15
  4161 | D:4      | Identified a +0 dagger
  4161 | D:4      | Identified a +0 robe
  4482 | D:4      | Noticed Menkaure
  4515 | D:4      | Killed Menkaure
  4515 | D:4      | Reached skill level 6 in Spellcasting
  4754 | D:4      | Identified a +0 club
  4754 | D:4      | Identified a +0 leather armour
  5004 | D:5      | Entered Level 5 of the Dungeon
  5044 | D:5      | Reached skill level 1 in Fighting
  5044 | D:5      | Reached XP level 7. HP: 33/33 MP: 10/17
  5064 | D:5      | Reached skill level 5 in Stealth
  5088 | D:5      | Noticed Grinder
  5093 | D:5      | Paralysed by Grinder for 7 turns
  5103 | D:5      | Paralysed by Grinder for 6 turns
  5106 | D:5      | HP: 5/33 [Grinder (9)]
  5106 | D:5      | Slain by Grinder

Table legend:
 A = Turns spent in this place as a percentage of turns spent in the entire game.
 B = Non-inter-level travel turns spent in this place as a percentage of non-inter-level travel turns spent in the entire game.
 C = Inter-level travel turns spent in this place as a percentage of turns spent in this place.
 D = Turns resting spent in this place as a percentage of non-inter-level travel turns spent in this place.
 E = Turns spent auto-exploring this place as a percentage of non-inter-level travel turns spent in this place.
 F = Non-inter-level travel turns spent in this place divided by the number of levels of this place that you've seen.
                   A       B       C       D       E      F
               +-------+-------+-------+-------+-------+----------------------
         Total | 100.0 | 100.0 |   1.0 |  35.1 |  37.9 | 1011.4
       Dungeon | 100.0 | 100.0 |   1.0 |  35.1 |  37.9 | 1011.4
               +-------+-------+-------+-------+-------+----------------------

Table legend:
 A = Kills in this place as a percentage of kills in entire the game.
 B = Kills by you in this place as a percentage of kills by you in the entire game.
 C = Kills by friends in this place as a percentage of kills by friends in the entire game.
 D = Other kills in this place as a percentage of other kills in the entire game.
 E = Experience gained in this place as a percentage of experience gained in the entire game.
 F = Experience gained in this place divided by the number of levels of this place that you have seen.
                   A       B       C       D       E      F
               +-------+-------+-------+-------+-------+----------------------
         Total | 100.0 | 100.0 |   N/A |   N/A | 100.0 | 167.6
       Dungeon | 100.0 | 100.0 |   N/A |   N/A | 100.0 | 167.6
               +-------+-------+-------+-------+-------+----------------------

Skill      XL: |  1  2  3  4  5  6  7 |
---------------+----------------------+-----
Spellcasting   | 3 4 5 6 |  6.4
Hexes          | 4 5 6 |  6.9
Fighting       | 1 |  1.0
Stealth        | 5 |  5.0
Short Blades   | |  1.9
Dodging        | |  3.7

Action                   |  1- 3 |  4- 6 |  7- 9 || total
-------------------------+-------+-------+-------++-------
Melee: Dagger            |   231 |   205 |     1 ||   437
 Cast: Ensorcelled Hiber |     9 |    26 |     2 ||    37
       Confusing Touch   |       |     4 |     1 ||     5
Evoke: Wand              |       |     2 |       ||     2
  Use: Scroll            |       |     6 |       ||     6
 Stab: Sleeping          |    13 |    23 |     1 ||    37
       Distracted        |     1 |       |       ||     1
       Confused          |       |     6 |       ||     6
  Eat: Ration            |       |     2 |       ||     2
Armor: Robe              |    24 |    17 |       ||    41
Dodge: Dodged            |   214 |   144 |       ||   358

Vanquished Creatures
  Menkaure (D:4)
  2 scorpions
  2 crimson imps
  A bullfrog skeleton (D:4)
  2 orc priests (D:4)
  2 worker ants
  2 adders (D:2)
  4 gnolls (D:3)
  A shadow imp (D:4)
  An ooze (D:3)
  An adder skeleton (D:4)
  4 worms
  4 leopard geckos
  10 orcs
  5 bats
  4 giant cockroaches
  7 goblins
  3 hobgoblins
  10 jackals
  2 quokkas
  5 frilled lizards
  4 kobolds (D:1)
  4 rats
81 creatures vanquished.
